TOP OF THE 1ST |
Chicago (APP) Cubs batting - Pitching for Miami (APP) Marlins : RHP Cesar Jimenez
|
Pitching: RHP Cesar Jimenez
|
|
Batting: RHB Adrian Cox
|
0-0: SINGLE (Groundball, 56S, EV 75.0 MPH) (infield hit)
|
Batting: RHB Dave de Wolff
|
0-0: Ball 1-0: SINGLE (Flyball, 56D, EV 90.6 MPH) Adrian Cox to second
|
Batting: RHB Mike Stein
|
0-0: Called Strike 0-1: Ball 1-1: Called Strike 1-2: Ball 2-2: Strikes out looking
|
Batting: RHB Dustin Goldsborough
|
0-0: Ball 1-0: Called Strike 1-1: Ball 2-1: Fly out, F8 (Flyball, 8LM, EV 95.6 MPH)
|
Batting: RHB Andy Baumhardt
|
0-0: Called Strike 0-1: Ball 1-1: Ball 2-1: Foul Ball, location: 2F 2-2: Strikes out swinging
|
Top of the 1st over - 0 runs, 2 hits, 0 errors, 2 left on base; Chicago (APP) 0 - Miami (APP) 0 |
BOTTOM OF THE 1ST |
Miami (APP) Marlins batting - Pitching for Chicago (APP) Cubs : RHP Roberto Cruz
|
Pitching: RHP Roberto Cruz
|
|
Batting: LHB Orlando Rivera
|
0-0: Ball 1-0: Ball 2-0: Called Strike 2-1: Ball 3-1: Swinging Strike 3-2: Foul Ball, location: 2F 3-2: Base on Balls
|
Batting: RHB Robbie Gomez
|
0-0: Swinging Strike 0-1: Ball 1-1: Called Strike Orlando Rivera steals 2nd base (no throw) 1-2: Ball 2-2: Ball 3-2: DOUBLE (Flyball, 8LD, EV 98.8 MPH) Orlando Rivera scores
|
Batting: LHB Dong-u Chang
|
0-0: Foul Ball, location: 2F 0-1: Ball Robbie Gomez steals 3rd base 1-1: SINGLE (Groundball, 6M, EV 106.9 MPH) (infield hit) Robbie Gomez scores
|
Batting: RHB George Boivin
|
0-0: Called Strike 0-1: Ball 1-1: Ball 2-1: Called Strike 2-2: Grounds into double play, 4-6-3 (Groundball, 34, EV 86.9 MPH)
|
Batting: SHB Greg Rivera
|
0-0: Ball 1-0: Ball 2-0: SINGLE (Flyball, 8RS, EV 88.1 MPH)
|
Batting: RHB Alberto Bravo
|
0-0: Ball 1-0: Ball 2-0: Foul Ball, location: 2F 2-1: TRIPLE (Line Drive, 89XD, EV 110.0 MPH) Greg Rivera scores
|
Batting: RHB Axel Moltke
|
0-0: Foul Ball, location: 2F 0-1: Foul Ball, location: 2F 0-2: Ball 1-2: Strikes out swinging
|
Bottom of the 1st over - 3 runs, 4 hits, 0 errors, 1 left on base; Chicago (APP) 0 - Miami (APP) 3 |
TOP OF THE 2ND |
Chicago (APP) Cubs batting - Pitching for Miami (APP) Marlins : RHP Cesar Jimenez
|
Batting: LHB Tom Mooney
|
0-0: Called Strike 0-1: SINGLE (Groundball, 6M, EV 87.5 MPH) (infield hit)
|
Batting: LHB Jerry Tyson
|
0-0: Bunt missed! 0-1: Bunt - Flyout to 13! F1
|
Batting: RHB Jorge Gonzalez
|
0-0: Ball 1-0: Ball 2-0: Fly out, F9 (Flyball, 89M, EV 84.4 MPH)
|
Batting: SHB Rob Craft
|
0-0: Ball 1-0: Called Strike 1-1: Ball 2-1: Reached on error, E3 (Groundball, 34D, EV 95.6 MPH) Tom Mooney to second
|
Batting: RHB Adrian Cox
|
0-0: Ball 1-0: Ball 2-0: Foul Ball, location: 2F 2-1: Foul Ball, location: 2F 2-2: Strikes out swinging
|
Top of the 2nd over - 0 runs, 1 hit, 1 error, 2 left on base; Chicago (APP) 0 - Miami (APP) 3 |
BOTTOM OF THE 2ND |
Miami (APP) Marlins batting - Pitching for Chicago (APP) Cubs : RHP Roberto Cruz
|
Batting: RHB Torquato Uso
|
0-0: Called Strike 0-1: Ball 1-1: Ball 2-1: Ball 3-1: Called Strike 3-2: Strikes out looking
|
Batting: RHB Terrell Smith
|
0-0: Ball 1-0: Swinging Strike 1-1: Swinging Strike 1-2: Foul Ball, location: 2F 1-2: Foul Ball, location: 2F 1-2: Ball 2-2: SINGLE (Groundball, 6S, EV 67.5 MPH) (infield hit)
|
Batting: LHB Orlando Rivera
|
0-0: SINGLE (Line Drive, 4MD, EV 109.4 MPH) Terrell Smith to second
|
Batting: RHB Robbie Gomez
|
0-0: Foul Ball, location: 2F 0-1: Ball 1-1: Ball 2-1: Called Strike 2-2: Ball 3-2: Strikes out looking and he ARGUES THE CALL AND IS TOSSED!
|
Batting: LHB Dong-u Chang
|
0-0: Ball Terrell Smith steals 3rd base Orlando Rivera to second 1-0: Ball 2-0: Called Strike 2-1: Ball 3-1: Called Strike 3-2: Strikes out swinging
|
Bottom of the 2nd over - 0 runs, 2 hits, 0 errors, 2 left on base; Chicago (APP) 0 - Miami (APP) 3 |
TOP OF THE 3RD |
Chicago (APP) Cubs batting - Pitching for Miami (APP) Marlins : RHP Cesar Jimenez
|
Now at 1B: Jason Thrash
|
|
Now at 3B: Axel Moltke
|
|
Now in LF: Alberto Bravo
|
|
Batting: RHB Dave de Wolff
|
0-0: Ball 1-0: Ball 2-0: Foul Ball, location: 2F 2-1: Foul Ball, location: 2F 2-2: Ball 3-2: Strikes out swinging
|
Batting: RHB Mike Stein
|
0-0: Ground out 6-3 (Groundball, 6, EV 90.0 MPH)
|
Batting: RHB Dustin Goldsborough
|
0-0: Ball 1-0: Fly out, F8 (Flyball, 8RD, EV 97.5 MPH)
|
Top of the 3rd over - 0 runs, 0 hits, 0 errors, 0 left on base; Chicago (APP) 0 - Miami (APP) 3 |
BOTTOM OF THE 3RD |
Miami (APP) Marlins batting - Pitching for Chicago (APP) Cubs : RHP Roberto Cruz
|
Batting: RHB George Boivin
|
0-0: Ground out 6-3 (Groundball, 6, EV 81.9 MPH)
|
Batting: SHB Greg Rivera
|
0-0: Ground out 6-3 (Groundball, 6, EV 92.5 MPH)
|
Batting: RHB Alberto Bravo
|
0-0: Ball 1-0: Ball 2-0: Ball 3-0: Base on Balls
|
Batting: RHB Axel Moltke
|
0-0: Called Strike 0-1: Called Strike 0-2: Strikes out swinging
|
Bottom of the 3rd over - 0 runs, 0 hits, 0 errors, 1 left on base; Chicago (APP) 0 - Miami (APP) 3 |
TOP OF THE 4TH |
Chicago (APP) Cubs batting - Pitching for Miami (APP) Marlins : RHP Cesar Jimenez
|
Batting: RHB Andy Baumhardt
|
0-0: Ball 1-0: Ball 2-0: Ball 3-0: Called Strike 3-1: Foul Ball, location: 2F 3-2: Foul Ball, location: 2F 3-2: Base on Balls
|
Batting: LHB Tom Mooney
|
0-0: Called Strike 0-1: Fielders Choice at 2nd, 4-6 (Groundball, 34, EV 84.4 MPH)
|
Batting: LHB Jerry Tyson
|
0-0: Sac Bunt to 13S - play at first, batter OUT! 1-3 Tom Mooney to second
|
Batting: RHB Jorge Gonzalez
|
0-0: Swinging Strike 0-1: Ball 1-1: Called Strike 1-2: Strikes out swinging
|
Top of the 4th over - 0 runs, 0 hits, 0 errors, 1 left on base; Chicago (APP) 0 - Miami (APP) 3 |
BOTTOM OF THE 4TH |
Miami (APP) Marlins batting - Pitching for Chicago (APP) Cubs : RHP Roberto Cruz
|
Batting: RHB Torquato Uso
|
0-0: Ground out 6-3 (Groundball, 6, EV 106.2 MPH)
|
Batting: RHB Terrell Smith
|
0-0: Called Strike 0-1: SOLO HOME RUN (Flyball, 7D, EV 101.2 MPH), Distance : 414 ft
|
Batting: LHB Orlando Rivera
|
0-0: Swinging Strike 0-1: Ball 1-1: Foul Ball, location: 2F 1-2: TRIPLE (Line Drive, 89XD, EV 106.9 MPH)
|
Batting: RHB Jason Thrash
|
0-0: Ball 1-0: Foul Ball, location: 2F 1-1: Ball 2-1: Swinging Strike 2-2: 2-RUN HOME RUN (Flyball, 7LD, EV 95.0 MPH), Distance : 340 ft
|
Pitching: RHP Scott Hanson
|
|
Batting: LHB Dong-u Chang
|
0-0: Called Strike 0-1: Ball 1-1: Ball 2-1: Swinging Strike 2-2: Ball 3-2: Strikes out swinging
|
Batting: RHB George Boivin
|
0-0: Ball 1-0: Called Strike 1-1: Ground out 5-3 (Groundball, 56, EV 90.6 MPH)
|
Bottom of the 4th over - 3 runs, 3 hits, 0 errors, 0 left on base; Chicago (APP) 0 - Miami (APP) 6 |
TOP OF THE 5TH |
Chicago (APP) Cubs batting - Pitching for Miami (APP) Marlins : RHP Cesar Jimenez
|
Batting: SHB Rob Craft
|
0-0: Called Strike 0-1: Ball 1-1: Ball 2-1: Ball 3-1: Foul Ball, location: 2F 3-2: Foul Ball, location: 2F 3-2: Base on Balls
|
Batting: RHB Adrian Cox
|
0-0: Called Strike 0-1: Ball 1-1: Ball 2-1: Ball 3-1: Base on Balls Rob Craft to second
|
Batting: RHB Dave de Wolff
|
0-0: Ball Wild Pitch! Rob Craft to third Adrian Cox to second 1-0: Fly out, F8 (Flyball, 8RD, EV 93.1 MPH) Runner from 3rd tags up, SCORES, throw by CF Adrian Cox to third
|
Batting: RHB Mike Stein
|
0-0: Foul Ball, location: 2F 0-1: Foul Ball, location: 2F 0-2: Ball 1-2: Strikes out swinging
|
Batting: RHB Dustin Goldsborough
|
0-0: SINGLE (Line Drive, 89S, EV 107.5 MPH) Adrian Cox scores
|
Batting: RHB Andy Baumhardt
|
0-0: Called Strike 0-1: Ball 1-1: Foul Ball, location: 2F 1-2: Ball 2-2: Foul Ball, location: 2F 2-2: Foul Ball, location: 2F 2-2: Ball Wild Pitch! Dustin Goldsborough to second 3-2: Ground out 6-3 (Groundball, 6, EV 85.0 MPH)
|
Top of the 5th over - 2 runs, 1 hit, 0 errors, 1 left on base; Chicago (APP) 2 - Miami (APP) 6 |
BOTTOM OF THE 5TH |
Miami (APP) Marlins batting - Pitching for Chicago (APP) Cubs : RHP Scott Hanson
|
Batting: SHB Greg Rivera
|
0-0: Swinging Strike 0-1: Swinging Strike 0-2: Strikes out looking
|
Batting: RHB Alberto Bravo
|
0-0: Ground out U3 (Groundball, 3S, EV 85.0 MPH)
|
Batting: RHB Axel Moltke
|
0-0: Called Strike 0-1: Ball 1-1: Ball 2-1: Ball 3-1: Fly out, F7 (Flyball, 7, EV 87.5 MPH)
|
Bottom of the 5th over - 0 runs, 0 hits, 0 errors, 0 left on base; Chicago (APP) 2 - Miami (APP) 6 |
TOP OF THE 6TH |
Chicago (APP) Cubs batting - Pitching for Miami (APP) Marlins : RHP Cesar Jimenez
|
Batting: LHB Tom Mooney
|
0-0: Ground out U3 (Groundball, 34, EV 106.2 MPH)
|
Batting: LHB Jerry Tyson
|
0-0: Ball 1-0: Called Strike 1-1: Foul Ball, location: 2F 1-2: Foul Ball, location: 2F 1-2: Strikes out swinging
|
Batting: RHB Jorge Gonzalez
|
0-0: Ball 1-0: Ball 2-0: Ball 3-0: Base on Balls
|
Batting: SHB Rob Craft
|
0-0: Hit by Pitch Jorge Gonzalez to second
|
Batting: RHB Adrian Cox
|
0-0: Called Strike 0-1: Swinging Strike 0-2: Foul Ball, location: 2F 0-2: Ball 1-2: Ball 2-2: Strikes out swinging
|
Top of the 6th over - 0 runs, 0 hits, 0 errors, 2 left on base; Chicago (APP) 2 - Miami (APP) 6 |
BOTTOM OF THE 6TH |
Miami (APP) Marlins batting - Pitching for Chicago (APP) Cubs : RHP Scott Hanson
|
Batting: RHB Torquato Uso
|
0-0: Called Strike 0-1: Ground out 4-3 (Groundball, 4, EV 87.5 MPH)
|
Batting: RHB Terrell Smith
|
0-0: Ball 1-0: Ball 2-0: Foul Ball, location: 2F 2-1: Reached on error, E5 (Groundball, 5, EV 85.0 MPH)
|
Batting: LHB Orlando Rivera
|
0-0: Fly out, F8 (Flyball, 8RM, EV 88.1 MPH)
|
Batting: RHB Jason Thrash
|
0-0: Ball 1-0: Ball 2-0: Called Strike 2-1: Ball 3-1: Called Strike 3-2: Base on Balls
|
Batting: LHB Dong-u Chang
|
0-0: DOUBLE (Groundball, 5L, EV 101.9 MPH) Terrell Smith scores Jason Thrash to third Runner from 3rd tries for Home, SAFE, no throw by LF
|
Batting: RHB George Boivin
|
0-0: SINGLE (Flyball, 8RS, EV 90.6 MPH) Dong-u Chang to third Runner from 3rd tries for Home, SAFE, throw by CF to home
|
Batting: SHB Greg Rivera
|
0-0: Ball 1-0: Ball 2-0: Called Strike 2-1: Ball 3-1: Base on Balls George Boivin to second
|
Batting: RHB Alberto Bravo
|
0-0: Ball 1-0: Ball 2-0: Swinging Strike 2-1: Foul Ball, location: 2F 2-2: Foul Ball, location: 2F 2-2: Strikes out swinging
|
Bottom of the 6th over - 3 runs, 2 hits, 1 error, 2 left on base; Chicago (APP) 2 - Miami (APP) 9 |
TOP OF THE 7TH |
Chicago (APP) Cubs batting - Pitching for Miami (APP) Marlins : RHP Cesar Jimenez
|
Pitching: RHP Aidan Mitchell
|
|
Batting: RHB Dave de Wolff
|
0-0: Ball 1-0: Called Strike 1-1: Ball 2-1: Foul Ball, location: 2F 2-2: Foul Ball, location: 2F 2-2: Strikes out swinging
|
Batting: RHB Mike Stein
|
0-0: Ball 1-0: Ball 2-0: Called Strike 2-1: Ball 3-1: Base on Balls
|
Batting: RHB Dustin Goldsborough
|
0-0: Called Strike 0-1: Called Strike 0-2: Foul Ball, location: 2F 0-2: Foul Ball, location: 2F 0-2: Ball 1-2: Ball 2-2: Ball 3-2: SINGLE (Line Drive, 4MD, EV 98.8 MPH) Mike Stein to second
|
Batting: RHB Andy Baumhardt
|
0-0: Foul Ball, location: 2F 0-1: Fielders Choice at 2nd, 6-4 (Groundball, 56, EV 78.8 MPH) Mike Stein to third
|
Batting: LHB Tom Mooney
|
0-0: Foul Ball, location: 2F 0-1: Foul Ball, location: 2F 0-2: Strikes out looking
|
Top of the 7th over - 0 runs, 1 hit, 0 errors, 2 left on base; Chicago (APP) 2 - Miami (APP) 9 |
BOTTOM OF THE 7TH |
Miami (APP) Marlins batting - Pitching for Chicago (APP) Cubs : RHP Scott Hanson
|
Pitching: RHP Brian Jarrett
|
|
Batting: RHB Axel Moltke
|
0-0: Ball 1-0: Ball 2-0: Called Strike 2-1: Ball 3-1: Base on Balls
|
Batting: RHB Torquato Uso
|
0-0: Ball Axel Moltke steals 2nd base 1-0: Called Strike 1-1: Foul Ball, location: 2F 1-2: Ball Wild Pitch! Axel Moltke to third 2-2: Ball Passed Ball! Axel Moltke scores 3-2: Strikes out swinging
|
Batting: RHB Terrell Smith
|
0-0: Ground out 6-3 (Groundball, 6S, EV 79.4 MPH)
|
Batting: LHB Orlando Rivera
|
0-0: Ball 1-0: DOUBLE (Groundball, 5L, EV 108.8 MPH)
|
Batting: RHB Jason Thrash
|
0-0: Ball 1-0: Called Strike 1-1: Ball 2-1: Called Strike 2-2: Fly out, F9 (Line Drive, 9S, EV 88.8 MPH)
|
Bottom of the 7th over - 1 run, 1 hit, 0 errors, 1 left on base; Chicago (APP) 2 - Miami (APP) 10 |
TOP OF THE 8TH |
Chicago (APP) Cubs batting - Pitching for Miami (APP) Marlins : RHP Aidan Mitchell
|
Pitching: RHP Danny Alvarez
|
|
Batting: LHB Jerry Tyson
|
0-0: Called Strike 0-1: Ball 1-1: Called Strike 1-2: Foul Ball, location: 2F 1-2: SINGLE (Groundball, 56D, EV 105.6 MPH)
|
Batting: RHB Jorge Gonzalez
|
0-0: Called Strike 0-1: Ball 1-1: Foul Ball, location: 2F 1-2: Strikes out swinging
|
Batting: SHB Rob Craft
|
0-0: Bunted foul 0-1: Bunted foul 0-2: Bunt missed, Strikeout!
|
Batting: RHB Adrian Cox
|
0-0: Fly out, F8 (Flyball, 8LXD, EV 94.4 MPH)
|
Top of the 8th over - 0 runs, 1 hit, 0 errors, 1 left on base; Chicago (APP) 2 - Miami (APP) 10 |
BOTTOM OF THE 8TH |
Miami (APP) Marlins batting - Pitching for Chicago (APP) Cubs : RHP Brian Jarrett
|
Batting: LHB Dong-u Chang
|
0-0: Ball 1-0: Foul Ball, location: 2F 1-1: Ball 2-1: Foul Ball, location: 2F 2-2: Ground out 5-3 (Groundball, 56, EV 86.2 MPH)
|
Batting: RHB George Boivin
|
0-0: Ball 1-0: Swinging Strike 1-1: Ball 2-1: Foul Ball, location: 2F 2-2: Foul Ball, location: 2F 2-2: Strikes out swinging
|
Batting: SHB Greg Rivera
|
0-0: Ball 1-0: Ball 2-0: Ball 3-0: Base on Balls
|
Pitching: RHP Reginald Bamber
|
|
Batting: RHB Alberto Bravo
|
0-0: Ball 1-0: Ball 2-0: Swinging Strike 2-1: Ground out U3 (Groundball, 3L, EV 105.6 MPH)
|
Bottom of the 8th over - 0 runs, 0 hits, 0 errors, 1 left on base; Chicago (APP) 2 - Miami (APP) 10 |
TOP OF THE 9TH |
Chicago (APP) Cubs batting - Pitching for Miami (APP) Marlins : RHP Danny Alvarez
|
Batting: RHB Dave de Wolff
|
0-0: Called Strike 0-1: Ball 1-1: Called Strike 1-2: Strikes out swinging
|
Batting: RHB Mike Stein
|
0-0: Ground out U3 (Groundball, 34, EV 89.4 MPH)
|
Batting: RHB Dustin Goldsborough
|
0-0: Ball 1-0: Ball 2-0: Called Strike 2-1: Ball 3-1: Foul Ball, location: 2F 3-2: Strikes out looking
|
Top of the 9th over - 0 runs, 0 hits, 0 errors, 0 left on base; Chicago (APP) 2 - Miami (APP) 10 |
|